AoeStats
← gnitaek

Arena

510601938Analyzed
2v2 RM · 1d ago on Oct 1, 2026· 33m 1s· 4 players
Game mode
Random Map
Map size
Medium (4 player)
Population
200
Speed
Normal
Resources
Standard
Victory
Conquest
Starting age
Dark Age
Ending age
Imperial Age
RankedLock teamsTeams togetherTeam positionsShared explorationLock speedFull tech treeHidden civsTurbo modeCheats
Victory
Defeat
🇮🇪 Danes · Ireland
1245
+15
🇮🇪 Poles · Ireland
1244
+15
🇨🇱 Burgundians · Chile
1242
-16
🇪🇸 Danes · Spain
1197
-14
Tirano
4:52 Double-Bit Axe
10:51 Feudal Age
14:41 Castle Age
13:14 Horse Collar
14:26 Bow Saw
15:14 Wheelbarrow
15:36 Heavy Plow
16:53 Hand Cart
20:53 Two-Man Saw
22:59 Fletching
24:05 Bodkin Arrow
tttoni18
10:57 Feudal Age
15:04 Castle Age
13:55 Double-Bit Axe
13:57 Horse Collar
16:59 Bow Saw
16:46 Loom
19:11 Heavy Plow
22:00 Gold Mining
23:43 Gambesons
23:58 Squires
23:43 Arson
24:02 Scale Mail Armor
24:12 Forging
26:06 Scale Barding Armor
26:36 Iron Casting
26:17 Chain Mail Armor
30:26 Imperial Age
28:34 Wheelbarrow
27:44 Town Watch
28:10 Stone Mining
28:48 Hamask
30:33 Capped Ram
31:51 Siege Engineers
31:47 Siege Ram
gnitaek
10:49 Feudal Age
12:04 Double-Bit Axe
14:49 Castle Age
13:54 Horse Collar
15:41 Loom
17:02 Bow Saw
16:50 Light Cavalry
18:38 Bow Saw
20:49 Wheelbarrow
21:54 Heavy Plow
22:30 Bloodlines
23:09 Scale Barding Armor
23:14 Forging
24:24 Hand Cart
24:55 Husbandry
25:28 Squires
25:29 Scale Mail Armor
26:04 Iron Casting
25:52 Chain Barding Armor
27:10 Town Watch
29:57 Imperial Age
29:13 Sanctity
28:45 Fletching
28:58 Scale Mail Armor
30:25 Bodkin Arrow
30:57 Ballistics
30:47 Masonry
31:22 Winged Hussar
33:58 Blast Furnace
32:59 Bracer
berserker-latko
10:09 Feudal Age
9:07 Loom
11:39 Double-Bit Axe
14:11 Castle Age
12:25 Horse Collar
12:45 Man-at-Arms
14:12 Long Swordsman
20:30 Scale Mail Armor
21:00 Squires
22:06 Forging
22:33 Chain Mail Armor
22:25 Gambesons
23:59 Iron Casting
25:16 Arson
26:30 Wheelbarrow
29:25 Hand Cart
29:16 Fletching
32:31 Imperial Age
31:45 Bodkin Arrow
32:43 Two-Handed Swordsman
33:48 Masonry
Connection lost

Rejoining the realm…

Still unreachable

The connection could not be restored.

Session expired

The server has moved on; the page needs a fresh start.